 Dungeon Crawl Stone Soup version 0.30-a0-331-g8ab09dc110 (webtiles) character file.

Game seed: 5488978657821931098

347 Muataran the Trooper (level 6, 0/56 HPs)
             Began as a Minotaur Berserker on Oct 29, 2022.
             Was a Priest of Trog.
             Slain by a wight
             ... wielding a +5 halberd
              (12 damage)
             ... on level 4 of the Dungeon.
             The game lasted 00:04:11 (2329 turns).

Muataran the Trooper (Minotaur Berserker)           Turns: 2329, Time: 00:04:11

Health: 0/56       AC:  6    Str: 23    XL:     6   Next: 32%
Magic:  5/5        EV: 12    Int:  4    God:    Trog [***...]
Gold:   196        SH:  0    Dex: 10    Spells: 5/5 levels left

rFire   . . .      SeeInvis .    a - +0 hand axe
rCold   . . .      Faith    .    (no shield)
rNeg    . . .      Spirit   .    h - +0 ring mail
rPois   .          Reflect  .    (helmet restricted)
rElec   .          Harm     .    (no cloak)
rCorr   .          Rampage  .    (no gloves)
Will    ++...                    (no boots)
Stlth   ..........               (no amulet)
HPRegen 1.29/turn                (no ring)
MPRegen 0.09/turn                (no ring)

@: lethally poisoned (0 -> 0), strong-willed, on berserk cooldown, regenerating,
slowed, very slow
A: horns 2, retaliatory headbutt
a: Renounce Religion, Berserk, Trog's Hand


You were on level 4 of the Dungeon.
You worshipped Trog.
Trog was most pleased with you.
You visited 1 branch of the dungeon, and saw 4 of its levels.

You collected 196 gold pieces.

Inventory:

Hand Weapons
 a - a +0 hand axe (weapon)
 e - a +0 long sword
 l - a +0 executioner's axe
Armour
 h - a +0 ring mail (worn)
Jewellery
 n - a +6 ring of dexterity
 x - an amulet of the acrobat
Wands
 r - a wand of acid (6)
 y - a wand of charming (8)
Scrolls
 f - 2 scrolls of butterflies {unknown}
 j - 5 scrolls of magic mapping {unknown}
 k - 2 scrolls of amnesia {unknown}
 o - 4 scrolls of identify {unknown}
 q - a scroll of vulnerability {unknown}
 t - a scroll of poison {unknown}
 w - a scroll of brand weapon {unknown}
Potions
 b - 2 potions of invisibility {unknown}
 c - a potion of magic {unknown}
 d - 4 potions of might {unknown}
 g - 3 potions of attraction {unknown}
 i - a potion of berserk rage {unknown}
 m - a potion of lignification {unknown}
 p - a potion of degeneration {unknown}
 s - 3 potions of curing {unknown}
 u - a potion of heal wounds {unknown}
 v - a potion of flight {unknown}


   Skills:
 + Level 5.3 Fighting
 + Level 5.3 Axes
 + Level 4.5 Armour
 + Level 4.1 Dodging


You had 5 spell levels left.
You didn't know any spells.
Your spell library was empty.

Dungeon Overview and Level Annotations

Branches:
Dungeon (4/15)
 Temple: D:4-7

Altars:
Yredelemnul


Innate Abilities, Weirdness & Mutations

You have a pair of horns on your head.
You reflexively headbutt those who attack you in melee.


Message History

The scorpion is heavily wounded.
You feel sick.
The scorpion stings you but does no damage.
The scorpion closely misses you. You furiously retaliate!
You headbutt the scorpion. You hit the scorpion but do no damage.
Your headbutt misses the scorpion.
The scorpion is almost dead.
You feel sick.
The scorpion stings you but does no damage.
The scorpion barely misses you.
You hit the scorpion but do no damage.
The scorpion is almost dead.
You feel sick.
The scorpion stings you but does no damage.
A wight comes into view. It is wielding a +5 halberd.
The scorpion misses you.
You completely miss the scorpion. Your headbutt misses the scorpion.
The scorpion is almost dead.
You feel sick.
You are no longer poisoned.
The scorpion stings you.
* * * LOW HITPOINT WARNING * * *
You are poisoned.
The scorpion poisons you! The scorpion barely misses you.
Your skin crawls.
You feel strong-willed.
You feel very sick. The scorpion stings you.
* * * LOW HITPOINT WARNING * * *
The scorpion misses you.
You hit the scorpion.
The scorpion is almost dead.
You feel very sick.
The scorpion stings you but does no damage.
You slash the scorpion!
You kill the scorpion!
Trog accepts your kill.
You feel sick.
The wight hits you from afar with a +5 halberd!
You die...

.......##............
.......##.#.#...[....
...................>.
..........#..........
.................
.............####
...#+#.)..)..# ##.
+....)..### .
#....).@zz#
...........#z.#
....###....# .# #....
#..#.z. .. #....
##.#.### #. #...
#.#.# . ....$ .....


You could see 4 wights.

Vanquished Creatures
  Duvessa (D:4)
  A scorpion (D:4)
  Dowan (D:4)
  4 gnolls
  8 adders
  A worm (D:2)
  2 dart slugs (D:1)
  4 orcs
  9 ball pythons
  4 bats
  6 endoplasms
  4 giant cockroaches
  7 goblins
  9 hobgoblins
  2 quokkas (D:1)
  6 frilled lizards
  7 kobolds
  7 rats
83 creatures vanquished.

Notes
Turn   | Place    | Note
-------+----------+-------------------------------------------
     0 | D:1      | Muataran the Minotaur Berserker began the quest for the
                  | Orb.
     0 | D:1      | Reached XP level 1. HP: 19/19 MP: 0/0
   172 | D:1      | Reached XP level 2. HP: 24/27 MP: 1/1
   450 | D:1      | Reached XP level 3. HP: 32/33 MP: 2/2
   615 | D:1      | Reached ** piety under Trog
   926 | D:2      | Reached XP level 4. HP: 34/40 MP: 3/3
  1380 | D:2      | Reached *** piety under Trog
  1644 | D:3      | Reached XP level 5. HP: 47/47 MP: 4/4
  2246 | D:4      | Found a basalt altar of Yredelemnul.
  2301 | D:4      | Noticed Dowan
  2303 | D:4      | Noticed Duvessa
  2313 | D:4      | Killed Duvessa
  2313 | D:4      | Killed Dowan
  2314 | D:4      | Reached skill level 5 in Fighting
  2314 | D:4      | Reached skill level 5 in Axes
  2314 | D:4      | Reached XP level 6. HP: 56/56 MP: 5/5
  2329 | D:4      | Slain by a wight

Illustrated notes

Levels and vault maps discovered:
D:1:      minmay_arrival_radiant_lines, layout_loops_ring,
          serial_park_tiny_pond, minmay_surrounded
D:2:      cheibrodos_greedy_goblins, layout_rooms,
          chequers_serial_rivers_micro_e, glass_columns_a, minmay_snake_closets
D:3:      layout_basic
D:4:      layout_rooms, kennysheep_mini, yredelemnul_altar_generic,
          serial_shops, nicolae_square_shop, shop_fountains,
          nicolae_stop_n_shop_1, uniq_duvessa

Skill      XL: |  1  2  3  4  5 |
---------------+----------------+-----
Fighting       | 4 5 |  5.3
Axes           | 4 5 |  5.3
Armour         | 3 4 |  4.5
Dodging        | 3 4 |  4.1

Action                   |  1- 3 |  4- 6 || total
-------------------------+-------+-------++-------
Melee: Hand axe          |    70 |    99 ||   169
       Headbutt          |     7 |     8 ||    15
       Punch             |       |     2 ||     2
Invok: Berserk           |       |     3 ||     3
       Trog's Hand       |       |     1 ||     1
Armor: Animal skin       |     2 |       ||     2
       Ring mail         |    23 |    34 ||    57
Dodge: Dodged            |    46 |    50 ||    96

Table legend: (Time is in decaauts)
 A = Elapsed time spent in this place.
 B = Non-inter-level travel time spent in this place.
 C = Inter-level travel time spent in this place.
 D = Time resting spent in this place.
 E = Time spent auto-exploring this place.
 F = Levels seen in this place.
 G = Mean time per level.
                   A        B        C        D        E       F      G
               +--------+--------+--------+--------+--------+-----+--------+
         Total |   2360 |   2264 |     96 |    277 |   1534 |   4 |  590.0 |
       Dungeon |   2360 |   2264 |     96 |    277 |   1534 |   4 |  590.0 |
               +--------+--------+--------+--------+--------+-----+--------+

Top non-repeatable levels by time:
     D:2: 834 daAuts
     D:1: 773 daAuts
     D:3: 620 daAuts
     D:4: 133 daAuts
